 Dungeon Crawl Stone Soup version 0.27.1-2-g3b301248ec (webtiles) character file.

Game seed: 7237802739306767044

29 Kinoniko the Chopper (level 3, 0/43 HPs)
             Began as a Demonspawn Berserker on Sept 28, 2021.
             Was a Follower of Trog.
             Slain by Robin (4 damage)
             ... on level 2 of the Dungeon.
             The game lasted 00:00:54 (1367 turns).

Kinoniko the Chopper (Demonspawn Berserker)         Turns: 1367, Time: 00:00:55

Health: 0/43       AC:  3    Str: 18    XL:     3   Next: 1%
Magic:  3/3        EV: 11    Int:  8    God:    Trog [*.....]
Gold:   87         SH:  0    Dex: 12    Spells: 2/2 levels left

rFire    . . .     SeeInvis .   a - +0 hand axe
rCold    . . .     Faith    .   (no shield)
rNeg     . . .     Spirit   .   d - +0 leather armour
rPois    .         Reflect  .   (no helmet)
rElec    .         Harm     .   (no cloak)
rCorr    .         Rampage  .   (no gloves)
Will     .....                  (no boots)
Stlth    ..........             (no amulet)
HPRegen  0.14/turn              (no ring)
MPRegen  0.08/turn              (no ring)

@: berserking, very quick
A: foul stench 1
a: Renounce Religion, Berserk


You were on level 2 of the Dungeon.
You worshipped Trog.
Trog was aware of your devotion.
You visited 1 branch of the dungeon, and saw 2 of its levels.

You collected 87 gold pieces.

Inventory:

Hand Weapons
 a - a +0 hand axe (weapon)
Armour
 b - a +0 animal skin
 d - a +0 leather armour (worn)
Scrolls
 c - a scroll of enchant weapon
 f - a scroll of fear
 h - a scroll of enchant armour
Potions
 g - a potion of resistance {unknown}


   Skills:
 - Level 3.0 Fighting
 * Level 3.8 Axes
 - Level 1.7 Armour
 - Level 1.7 Dodging


You had 2 spell levels left.
You didn't know any spells.
Your spell library was empty.

Dungeon Overview and Level Annotations

Branches:
Dungeon (2/15)

Altars:

Annotations:
D:2 Robin


Innate Abilities, Weirdness & Mutations

You may rarely emit foul miasma when damaged in melee.


Message History

The ball python hisses angrily.
A ball python is nearby!
You slash the ball python!
You kill the ball python!
Trog accepts your kill.
No target in view!
There is a stone staircase leading down here.
You see here a ball python corpse.
You open the door.
There is an open door here.
You now have 87 gold pieces (gained 11).
You open the door. 4 goblins, 2 hobgoblins and Robin come into view.
Robin is wielding a +0 spear of venom.
A goblin is wielding a +1 dagger of distortion.
Robin shouts!
The goblin shouts! x2; The hobgoblin shouts!
The goblin shouts!
The hobgoblin shouts!
The goblin shouts!
A hobgoblin comes into view. x2
The goblin unwields a +0 dagger.
The goblin wields a +0 hunting sling.
The goblin shoots a stone.
The stone hits you.
The goblin moves out of view.
You hear a shout!
Found 20 stones.
A goblin comes into view. It is wielding a +0 dagger of venom.
The hobgoblin hits you.
You barely miss the hobgoblin. The hobgoblin closely misses you.
You barely miss the hobgoblin. Robin closely misses you.
The hobgoblin hits you.
You hit the hobgoblin.
The hobgoblin is heavily wounded.
You barely miss the goblin. The goblin hits you but does no damage.
Space bends around you.
Robin roars a battlecry!
The goblins go into a battle-frenzy!
The hobgoblin closely misses you.
You hear a shout! x2
A red film seems to cover your vision as you go berserk!
You feel yourself moving faster!
You feel mighty! The goblin hits you but does no damage.
Space warps horribly around you!
* * * LOW HITPOINT WARNING * * *
Robin hits you from afar with a +0 spear of venom.
You die...

### ###### .g.. #....#
g.g..##....#############
..gg..g....'............
.(...##gg..###########..


g.g #@...# #.# . #....# ########.. ###### .......... #########. ........
..#.#### You could see Robin, a hobgoblin (strong) and a goblin (strong).

Vanquished Creatures
  A gnoll (D:1)
  A dart slug (D:1)
  An endoplasm (D:1)
  2 hobgoblins (D:1)
  4 jackals (D:1)
  A kobold (D:1)
  A quokka (D:1)
  A ball python (D:2)
  5 frilled lizards (D:1)
17 creatures vanquished.

Vanquished Creatures (others)
  A withered plant (D:1)
1 creature vanquished.

Grand Total: 18 creatures vanquished

Notes
Turn   | Place    | Note
-------+----------+-------------------------------------------
     0 | D:1      | Kinoniko the Demonspawn Berserker began the quest for the
                  | Orb.
     0 | D:1      | Reached XP level 1. HP: 18/18 MP: 1/1
   186 | D:1      | Gained mutation: You may rarely emit foul miasma when
                  | damaged in melee. [demonic ancestry]
   186 | D:1      | Reached XP level 2. HP: 19/24 MP: 2/2
   267 | D:1      | Found a faded altar of an unknown god.
   826 | D:1      | Reached XP level 3. HP: 22/29 MP: 3/3
  1359 | D:2      | Noticed Robin
  1367 | D:2      | Slain by Robin

Illustrated notes

Levels and vault maps discovered:
D:1:      dpeg_arrival_water_fire, layout_basic,
          ebering_ecumenical_altar_petrified, minmay_lizard_pond
D:2:      layout_basic, uniq_robin

Skill      XL: |  1 |
---------------+----+-----
Axes           | 3 |  3.8
Fighting       | |  3.0
Armour         | |  1.7
Dodging        | |  1.7

Action                   || total
-------------------------++-------
Melee: Hand axe          ||    47
Invok: Berserk           ||     2
  Use: Scroll            ||     3
Armor: Leather armour    ||    13
Dodge: Dodged            ||    23
